AoeStats
← Bandolero

Arabia

509923498Analyzed
1v1 RM · 2d ago on Sep 28, 2026· 39m 27s· 2 players
Game mode
Random Map
Map size
Tiny (2 player)
Population
200
Speed
Normal
Resources
Standard
Victory
Conquest
Starting age
Dark Age
Ending age
Imperial Age
RankedLock teamsTeams togetherTeam positionsShared explorationLock speedFull tech treeHidden civsTurbo modeCheats
Victory
Defeat
🇧🇪 Britons · Belgium
1335
+18
🇦🇷 Maya · Argentina
1373
-18
Maximus
6:38 Loom
8:42 Feudal Age
14:59 Fletching
22:21 Castle Age
19:59 Man-at-Arms
20:29 Horse Collar
21:27 Forging
21:59 Double-Bit Axe
22:24 Elite Skirmisher
23:25 Bodkin Arrow
25:13 Padded Archer Armor
25:45 Town Watch
29:39 Wheelbarrow
37:51 Imperial Age
36:59 Iron Casting
36:50 Ballistics
38:13 Leather Archer Armor
38:31 Scale Barding Armor
38:55 Bow Saw
38:25 Cavalier
Bandolero
0:26 Loom
9:26 Feudal Age
10:32 Double-Bit Axe
15:53 Fletching
21:38 Castle Age
19:59 Gold Mining
20:31 Scale Mail Armor
20:45 Forging
21:29 Horse Collar
21:39 Eagle Warrior
22:36 Chain Mail Armor
22:48 Squires
23:59 Bow Saw
25:57 Iron Casting
29:23 Bodkin Arrow
29:29 Padded Archer Armor
29:34 Crossbowman
31:32 Leather Archer Armor
32:07 Wheelbarrow
32:58 Ballistics
37:04 Imperial Age
34:55 Stone Mining
36:34 Town Watch
37:15 Elite Eagle Warrior
40:13 Chemistry
Connection lost

Rejoining the realm…

Still unreachable

The connection could not be restored.

Session expired

The server has moved on; the page needs a fresh start.